TOP OF THE 1ST |
Detroit Tigers batting - Pitching for Oakland Athletics : RHP Dan Larson
|
Pitching: RHP Dan Larson
|
|
Batting: SHB Lee Mazzilli
|
0-0: Ball 1-0: Ball 2-0: Bunt missed! 2-1: Ground out 6-3 (Groundball, 6, EV 102.5 MPH)
|
Batting: RHB Rusty Tillman
|
0-0: Swinging Strike 0-1: Ball 1-1: Ball 2-1: Ball 3-1: Foul Ball, location: 2F 3-2: Fly out, F7 (Flyball, 7LM, EV 99.4 MPH)
|
Batting: SHB Tony Phillips
|
0-0: Ball 1-0: Ball 2-0: Ball 3-0: Called Strike 3-1: Base on Balls
|
Batting: RHB Dave Kingman
|
0-0: Called Strike 0-1: Ball 1-1: Ball 2-1: Swinging Strike 2-2: Foul Ball, location: 2F 2-2: Strikes out swinging
|
Top of the 1st over - 0 runs, 0 hits, 0 errors, 1 left on base; Detroit 0 - Oakland 0 |
BOTTOM OF THE 1ST |
Oakland Athletics batting - Pitching for Detroit Tigers : RHP Dennis Martinez
|
Pitching: RHP Dennis Martinez
|
|
Batting: RHB Scott Fletcher
|
0-0: Ball 1-0: Ball 2-0: Foul Ball, location: 2F 2-1: Swinging Strike 2-2: Ground out 5-3 (Groundball, 56S, EV 63.8 MPH)
|
Batting: LHB Ruppert Jones
|
0-0: Called Strike 0-1: Ball 1-1: DOUBLE (Line Drive, 78XD, EV 105.0 MPH)
|
Batting: RHB Dave Henderson
|
0-0: Ball Ruppert Jones steals 3rd, throwing error, E2 Ruppert Jones scores 1-0: Ball 2-0: Swinging Strike 2-1: Foul Ball, location: 2F 2-2: Strikes out swinging
|
Batting: LHB Reggie Jackson
|
0-0: Called Strike 0-1: Ball 1-1: Swinging Strike 1-2: Ball 2-2: Ball 3-2: SINGLE (Groundball, 34S, EV 80.6 MPH) (infield hit)
|
Batting: RHB George Hendrick
|
0-0: Swinging Strike 0-1: Ground out 4-3 (Groundball, 4, EV 83.8 MPH)
|
Bottom of the 1st over - 1 run, 2 hits, 1 error, 1 left on base; Detroit 0 - Oakland 1 |
TOP OF THE 2ND |
Detroit Tigers batting - Pitching for Oakland Athletics : RHP Dan Larson
|
Batting: RHB Andre Thornton
|
0-0: Swinging Strike 0-1: Ball 1-1: Ball 2-1: Foul Ball, location: 2F 2-2: Strikes out swinging
|
Batting: RHB Keith Moreland
|
0-0: SINGLE (Flyball, 3D, EV 101.3 MPH)
|
Batting: RHB Rusty Kuntz
|
0-0: Called Strike 0-1: Ball 1-1: Called Strike 1-2: Ball 2-2: Strikes out looking
|
Batting: RHB Larry Parrish
|
0-0: Swinging Strike 0-1: Foul Ball, location: 2F 0-2: Ball 1-2: Strikes out swinging
|
Top of the 2nd over - 0 runs, 1 hit, 0 errors, 1 left on base; Detroit 0 - Oakland 1 |
BOTTOM OF THE 2ND |
Oakland Athletics batting - Pitching for Detroit Tigers : RHP Dennis Martinez
|
Batting: RHB Barry Evans
|
0-0: Called Strike 0-1: SINGLE (Line Drive, 34D, EV 102.5 MPH)
|
Batting: LHB Ben Oglivie
|
0-0: Ball 1-0: Swinging Strike 1-1: Ball 2-1: Swinging Strike 2-2: Foul Ball, location: 2F 2-2: Fielders Choice at 2nd, 1-4 (Groundball, 15S, EV 73.1 MPH)
|
Batting: RHB Fred Andrews
|
0-0: Called Strike 0-1: Ball 1-1: Swinging Strike 1-2: Strikes out swinging
|
Batting: RHB Barry Foote
|
0-0: Called Strike 0-1: Fly out, F8 (Flyball, 78M, EV 81.9 MPH)
|
Bottom of the 2nd over - 0 runs, 1 hit, 0 errors, 1 left on base; Detroit 0 - Oakland 1 |
TOP OF THE 3RD |
Detroit Tigers batting - Pitching for Oakland Athletics : RHP Dan Larson
|
Batting: RHB Mike Sproles
|
0-0: Ball 1-0: Called Strike 1-1: Ball 2-1: Ball 3-1: Fly out, F4 (Flyball, 4MD, EV 92.5 MPH)
|
Batting: SHB Lee Mazzilli
|
0-0: Ball 1-0: Foul Ball, location: 2F 1-1: Foul Ball, location: 2F 1-2: Ball 2-2: Ball 3-2: Base on Balls
|
Batting: RHB Rusty Tillman
|
0-0: Ball 1-0: Ball 2-0: Ball 3-0: Called Strike 3-1: SINGLE (Line Drive, 89S, EV 100.6 MPH) Lee Mazzilli to second
|
Batting: SHB Tony Phillips
|
0-0: Called Strike 0-1: Ball 1-1: Foul Ball, location: 2F 1-2: Foul Ball, location: 2F 1-2: Foul Ball, location: 2F 1-2: Ball 2-2: Foul Ball, location: 2F 2-2: Fly out, F7 (Line Drive, 7, EV 106.9 MPH)
|
Batting: RHB Dave Kingman
|
0-0: Called Strike 0-1: Hit by Pitch Lee Mazzilli to third Rusty Tillman to second
|
Batting: RHB Andre Thornton
|
0-0: Called Strike 0-1: Foul Ball, location: 2F 0-2: Reached on error, E4 (Groundball, 4, EV 109.4 MPH) Lee Mazzilli scores Rusty Tillman to third Dave Kingman to second
|
Batting: RHB Keith Moreland
|
0-0: Fly out, F9 (Flyball, 9LM, EV 80.6 MPH)
|
Top of the 3rd over - 1 run, 1 hit, 1 error, 3 left on base; Detroit 1 - Oakland 1 |
BOTTOM OF THE 3RD |
Oakland Athletics batting - Pitching for Detroit Tigers : RHP Dennis Martinez
|
Batting: RHB Scott Fletcher
|
0-0: Called Strike 0-1: Foul Ball, location: 2F 0-2: Ball 1-2: DOUBLE (Groundball, 3L, EV 98.1 MPH)
|
Pinch Runner at 2nd Willie Darkis:
|
|
Batting: LHB Ruppert Jones
|
0-0: Ground out U3 (Groundball, 3L, EV 85.6 MPH) Willie Darkis to third
|
Batting: RHB Dave Henderson
|
0-0: Called Strike 0-1: Ball 1-1: Ball 2-1: Fly out, F7 (Flyball, 8LS, EV 84.4 MPH)
|
Batting: LHB Reggie Jackson
|
0-0: Swinging Strike 0-1: Ball 1-1: Foul Ball, location: 2F 1-2: Ball 2-2: Strikes out swinging
|
Bottom of the 3rd over - 0 runs, 1 hit, 0 errors, 1 left on base; Detroit 1 - Oakland 1 |
TOP OF THE 4TH |
Detroit Tigers batting - Pitching for Oakland Athletics : RHP Dan Larson
|
Now in CF: Chico Walker
|
|
Batting: RHB Rusty Kuntz
|
0-0: Swinging Strike 0-1: Ball 1-1: Foul Ball, location: 2F 1-2: Foul Ball, location: 2F 1-2: Ground out U3 (Groundball, 34, EV 106.9 MPH)
|
Batting: RHB Larry Parrish
|
0-0: SINGLE (Groundball, 3D, EV 111.3 MPH)
|
Batting: RHB Mike Sproles
|
0-0: Ball Larry Parrish steals 2nd base (no throw) 1-0: Ball 2-0: SINGLE (Groundball, 6M, EV 103.8 MPH) (infield hit) Larry Parrish to third
|
Batting: SHB Lee Mazzilli
|
0-0: Ball 1-0: Ball 2-0: Ball 3-0: Called Strike 3-1: Hit by Pitch Mike Sproles to second
|
Batting: RHB Rusty Tillman
|
0-0: Called Strike 0-1: Swinging Strike 0-2: Ball 1-2: Ball 2-2: Strikes out swinging
|
Batting: SHB Tony Phillips
|
0-0: Called Strike 0-1: Ball 1-1: Foul Ball, location: 2F 1-2: Ball 2-2: Foul Ball, location: 2F 2-2: Fly out, F7 (Flyball, 7D, EV 81.3 MPH)
|
Top of the 4th over - 0 runs, 2 hits, 0 errors, 3 left on base; Detroit 1 - Oakland 1 |
BOTTOM OF THE 4TH |
Oakland Athletics batting - Pitching for Detroit Tigers : RHP Dennis Martinez
|
Batting: RHB George Hendrick
|
0-0: Foul Ball, location: 2F 0-1: SOLO HOME RUN (Flyball, 9LD, EV 104.4 MPH), Distance : 354 ft
|
Batting: RHB Barry Evans
|
0-0: Swinging Strike 0-1: Ball 1-1: Foul Ball, location: 2F 1-2: DOUBLE (Line Drive, 7LS, EV 108.1 MPH)
|
Batting: LHB Ben Oglivie
|
0-0: Intentional Walk
|
Batting: RHB Fred Andrews
|
0-0: Ball 1-0: Foul Ball, location: 2F 1-1: Ball 2-1: Grounds into double play, 6-4-3 (Groundball, 6, EV 106.3 MPH) Barry Evans to third
|
Batting: RHB Barry Foote
|
0-0: Ball 1-0: Ball 2-0: Called Strike 2-1: SINGLE (Groundball, 34, EV 98.1 MPH) Barry Evans scores
|
Batting: SHB Chico Walker
|
0-0: Swinging Strike 0-1: Ball Wild Pitch! Barry Foote to second 1-1: Called Strike 1-2: Ball 2-2: Strikes out swinging
|
Bottom of the 4th over - 2 runs, 3 hits, 0 errors, 1 left on base; Detroit 1 - Oakland 3 |
TOP OF THE 5TH |
Detroit Tigers batting - Pitching for Oakland Athletics : RHP Dan Larson
|
Batting: RHB Dave Kingman
|
0-0: Swinging Strike 0-1: Ball 1-1: SINGLE (Line Drive, 78M, EV 87.5 MPH)
|
Batting: RHB Andre Thornton
|
0-0: Ball 1-0: Swinging Strike 1-1: Foul Ball, location: 2F 1-2: Strikes out swinging
|
Batting: RHB Keith Moreland
|
0-0: Ball 1-0: Called Strike 1-1: Ball 2-1: Grounds into double play, 4-6-3 (Groundball, 34, EV 106.9 MPH)
|
Top of the 5th over - 0 runs, 1 hit, 0 errors, 0 left on base; Detroit 1 - Oakland 3 |
BOTTOM OF THE 5TH |
Oakland Athletics batting - Pitching for Detroit Tigers : RHP Dennis Martinez
|
Batting: LHB Ruppert Jones
|
0-0: Called Strike 0-1: Fly out, F7 (Flyball, 78M, EV 94.4 MPH)
|
Batting: RHB Dave Henderson
|
0-0: Ball 1-0: Foul Ball, location: 2F 1-1: Ball 2-1: DOUBLE (Groundball, 5L, EV 105.0 MPH)
|
Batting: LHB Reggie Jackson
|
0-0: Intentional Walk
|
Batting: RHB George Hendrick
|
0-0: SINGLE (Flyball, 5D, EV 84.4 MPH) Dave Henderson to third Reggie Jackson to second
|
Batting: RHB Barry Evans
|
0-0: Ball 1-0: Ball 2-0: Ball 3-0: Called Strike 3-1: Called Strike 3-2: Foul Ball, location: 2F 3-2: SINGLE (Groundball, 4M, EV 106.9 MPH) Dave Henderson scores Reggie Jackson to third George Hendrick to second Runner from 3rd tries for Home, SAFE, throw by CF to home
|
Batting: LHB Ben Oglivie
|
0-0: Grounds into double play, 4-6-3 (Groundball, 4D, EV 106.3 MPH)
|
Bottom of the 5th over - 2 runs, 3 hits, 0 errors, 1 left on base; Detroit 1 - Oakland 5 |
TOP OF THE 6TH |
Detroit Tigers batting - Pitching for Oakland Athletics : RHP Dan Larson
|
Batting: RHB Rusty Kuntz
|
0-0: Ball 1-0: Ball 2-0: Fly out, F8 (Flyball, 78D, EV 103.1 MPH)
|
Batting: RHB Larry Parrish
|
0-0: Called Strike 0-1: Fly out, F9 (Flyball, 9LM, EV 75.6 MPH)
|
Batting: RHB Mike Sproles
|
0-0: Called Strike 0-1: Fly out, F8 (Line Drive, 8RD, EV 101.9 MPH)
|
Top of the 6th over - 0 runs, 0 hits, 0 errors, 0 left on base; Detroit 1 - Oakland 5 |
BOTTOM OF THE 6TH |
Oakland Athletics batting - Pitching for Detroit Tigers : RHP Dennis Martinez
|
Batting: RHB Fred Andrews
|
0-0: Ball 1-0: Foul Ball, location: 2F 1-1: Foul Ball, location: 2F 1-2: Strikes out looking
|
Batting: RHB Barry Foote
|
0-0: Fly out, F8 (Flyball, 8RXD, EV 100.6 MPH)
|
Batting: SHB Chico Walker
|
0-0: Ball 1-0: Ball 2-0: Ball 3-0: Called Strike 3-1: Swinging Strike 3-2: Base on Balls
|
Batting: LHB Ruppert Jones
|
0-0: Ball 1-0: Ground out U3 (Groundball, 3, EV 80.6 MPH)
|
Bottom of the 6th over - 0 runs, 0 hits, 0 errors, 1 left on base; Detroit 1 - Oakland 5 |
TOP OF THE 7TH |
Detroit Tigers batting - Pitching for Oakland Athletics : RHP Dan Larson
|
Batting: SHB Lee Mazzilli
|
0-0: SINGLE (Groundball, 15S, EV 69.4 MPH) (infield hit)
|
Batting: RHB Rusty Tillman
|
0-0: Called Strike Lee Mazzilli steals 2nd base 0-1: Ball 1-1: Fly out, F9 (Flyball, 9S, EV 88.1 MPH)
|
Batting: SHB Tony Phillips
|
0-0: Ball 1-0: Called Strike 1-1: Foul Ball, location: 2F 1-2: Ball 2-2: Ball 3-2: Ground out 4-3 (Groundball, 4, EV 91.9 MPH) Lee Mazzilli to third
|
Batting: RHB Dave Kingman
|
0-0: Swinging Strike 0-1: Ball 1-1: Swinging Strike 1-2: Ball 2-2: Ball 3-2: Strikes out looking
|
Top of the 7th over - 0 runs, 1 hit, 0 errors, 1 left on base; Detroit 1 - Oakland 5 |
BOTTOM OF THE 7TH |
Oakland Athletics batting - Pitching for Detroit Tigers : RHP Dennis Martinez
|
Batting: RHB Dave Henderson
|
0-0: Called Strike 0-1: Ball 1-1: Swinging Strike 1-2: Ball 2-2: Foul Ball, location: 2F 2-2: Strikes out swinging
|
Batting: LHB Reggie Jackson
|
0-0: Ball 1-0: Ball 2-0: Ground out U3 (Groundball, 3, EV 84.4 MPH)
|
Batting: RHB George Hendrick
|
0-0: Called Strike 0-1: Ball 1-1: Foul Ball, location: 2F 1-2: Strikes out swinging
|
Bottom of the 7th over - 0 runs, 0 hits, 0 errors, 0 left on base; Detroit 1 - Oakland 5 |
TOP OF THE 8TH |
Detroit Tigers batting - Pitching for Oakland Athletics : RHP Dan Larson
|
Pitching: LHP Dave Dravecky
|
|
Batting: RHB Andre Thornton
|
0-0: Called Strike 0-1: Swinging Strike 0-2: Ball 1-2: Foul Ball, location: 2F 1-2: Foul Ball, location: 2F 1-2: Ball 2-2: Ball 3-2: Ground out 5-3 (Groundball, 56, EV 82.5 MPH)
|
Batting: RHB Keith Moreland
|
0-0: Ball 1-0: SINGLE (Groundball, 4MD, EV 101.3 MPH)
|
Batting: RHB Rusty Kuntz
|
0-0: Ball 1-0: Foul Ball, location: 2F 1-1: Foul Ball, location: 2F 1-2: Ball 2-2: Ball 3-2: DOUBLE (Line Drive, 7LD, EV 109.4 MPH) Keith Moreland to third Runner from 3rd tries for Home, SAFE, no throw by LF
|
Batting: RHB Larry Parrish
|
0-0: Ball 1-0: Foul Ball, location: 2F 1-1: Ground out 6-3 (Groundball, 56, EV 102.5 MPH)
|
Batting: RHB Mike Sproles
|
0-0: Ball 1-0: Swinging Strike 1-1: Ball 2-1: Fly out, F7 (Line Drive, 7, EV 99.4 MPH)
|
Top of the 8th over - 1 run, 2 hits, 0 errors, 1 left on base; Detroit 2 - Oakland 5 |
BOTTOM OF THE 8TH |
Oakland Athletics batting - Pitching for Detroit Tigers : RHP Dennis Martinez
|
Batting: RHB Barry Evans
|
0-0: Ball 1-0: Ball 2-0: Ball 3-0: Called Strike 3-1: Ground out 4-3 (Groundball, 4, EV 98.8 MPH)
|
Batting: LHB Ben Oglivie
|
0-0: Called Strike 0-1: Fly out, F8 (Flyball, 8RXD, EV 96.3 MPH)
|
Batting: RHB Fred Andrews
|
0-0: Called Strike 0-1: Ground out 5-3 (Groundball, 56, EV 90.0 MPH)
|
Bottom of the 8th over - 0 runs, 0 hits, 0 errors, 0 left on base; Detroit 2 - Oakland 5 |
TOP OF THE 9TH |
Detroit Tigers batting - Pitching for Oakland Athletics : LHP Dave Dravecky
|
Batting: SHB Lee Mazzilli
|
0-0: Foul Ball, location: 2F 0-1: Ball 1-1: Swinging Strike 1-2: SINGLE (Groundball, 34S, EV 89.4 MPH) (infield hit)
|
Batting: RHB Rusty Tillman
|
0-0: Ball 1-0: Ball 2-0: Foul Ball, location: 2F 2-1: Swinging Strike 2-2: Ball 3-2: Base on Balls Lee Mazzilli to second
|
Pitching: RHP Mitch Byrnes
|
|
Batting: SHB Tony Phillips
|
0-0: Fly out, F9 (Line Drive, 9, EV 108.1 MPH)
|
Pinch Hitting: LHB Greg Brock
|
0-0: Ball 1-0: Ball 2-0: Ball 3-0: Called Strike 3-1: Base on Balls Lee Mazzilli to third Rusty Tillman to second
|
Batting: RHB Andre Thornton
|
0-0: Called Strike 0-1: Ball 1-1: Grounds into double play, U6-3 (Groundball, 4M, EV 85.6 MPH)
|
Top of the 9th over - 0 runs, 1 hit, 0 errors, 2 left on base; Detroit 2 - Oakland 5 |
|